 Dungeon Sprint DCSS version 0.22-a0-874-g9cf2c4c (webtiles) character file.

1465 Brynnhild the Martial Artist (level 8, -7/75 HPs)
             Began as a Yellow Draconian Monk on July 28, 2018.
             Was an Elder of Cheibriados.
             Mangled by a manticore (11 damage)
             ... in the Dungeon (Sprint IX: "|||||||||||||||||||||||||||||").
             The game lasted 00:01:30 (351 turns).

Brynnhild the Martial Artist (Yellow Draconian Monk) Turns: 351, Time: 00:01:31

Health: -7/75      AC: 10    Str: 26    XL:     8   Next: 48%
Magic:  0/13       EV: 21    Int: 20    God:    Cheibriados [****..]
Gold:   0          SH:  0    Dex: 24    Spells: 7/7 levels left

rFire    . . .     SeeInvis .     - Unarmed
rCold    . . .     Gourm    .   (no shield)
rNeg     . . .     Faith    .   (armour unavailable)
rPois    .         Spirit   .   (helmet restricted)
rElec    .         Reflect  .   k - +0 cloak
rCorr    +         Harm     .   l - +0 pair of gloves
MR       .....     NoTele   +   (no boots)
Stlth    +++.......             (no amulet)
HPRegen  0.22/turn              n - +2 ring of protection
MPRegen  0.13/turn              m - +3 ring of strength

@: short of breath, very slow
A: spit acid, acid resistance, unfitting armour, cold-blooded, AC +6
a: Breathe Acid, Bend Time, Temporal Distortion, Slouch, Renounce Religion


You were in the Dungeon.
You worshipped Cheibriados.
Cheibriados was greatly pleased with you.
You were not hungry.

You visited 1 branch

Inventory:

Armour
 k - a +0 cloak (worn)
 l - a +0 pair of gloves (worn)
Jewellery
 m - a +3 ring of strength (right hand)
 n - a +2 ring of protection (left hand)
Wands
 j - a wand of iceblast (10)
Scrolls
 g - 2 scrolls of blinking
 h - 3 scrolls of remove curse
 i - 2 scrolls of amnesia
Potions
 b - 5 potions of curing
 c - 3 potions of heal wounds
 d - a potion of haste
 e - 4 potions of magic
 f - a potion of invisibility
Comestibles
 a - a ration


   Skills:
 + Level 8.7 Fighting
 + Level 8.9 Dodging
 + Level 4.7 Stealth
 + Level 12.7 Unarmed Combat
 * Level 7.2 Invocations


You had 7 spell levels left.
You didn't know any spells.
Your spell library was empty.

Dungeon Overview and Level Annotations

Branches:
Dungeon (1/1)

Altars:
Cheibriados
Dithmenos
Elyvilon
Fedhas
Gozag
Hepliaklqana
Kikubaaqudgha
Makhleb
Nemelex Xobeh
Okawaru
Qazlal
Ru
Sif Muna
Trog
Uskayaw
Vehumet
Wu Jian
Xom
Yredelemnul
Zin
The Shining One
Beogh
Jiyva
Lugonu


Innate Abilities, Weirdness & Mutations

You can spit globs of acid.
You are resistant to acid.
Your golden yellow scales are hard. (AC +6)
You cannot fit into any form of body armour.
You are cold-blooded and may be slowed by cold attacks.


Message History

You fail to use your ability.
The manticore misses you. The manticore closely misses you. x2
Unknown command.
Unknown command.
Unknown command.
You can feel time thicken for a moment.
You kill the centaur warrior!
Cheibriados thoroughly appreciates the change of pace.
Cheibriados raises the support of your attributes as your movement slows.
Your Dodging skill increases to level 8!
Your Unarmed Combat skill increases to level 12!
Your Invocations skill gained 2 levels and is now at level 7!
You have reached level 8!
You feel stronger.
You feel somewhat more hungry.
Cheibriados lowers the support of your attributes as your movement quickens.
The manticore bites you!
* * * LOW HITPOINT WARNING * * *
The manticore claws you!
You die...

▓+▓
▓.▓
▓.▓
▓.▓
▓)▓
▓H▓
▓H▓
▓@▓
▓.▓
▓.▓
▓)▓
▓.▓
▓(▓
▓†▓
▓'▓
▓.▓


You could see a manticore and a hippogriff.

Vanquished Creatures
  A centaur warrior (D)
  A meliai (D)
  A sky beast (D)
  A centaur (D)
  A crocodile (D)
  A big kobold (D)
  A bullfrog (D)
  A scorpion (D)
  A crimson imp (D)
  4 worker ants (D)
  An adder zombie (D)
  A dart slug (D)
  A leopard gecko (D)
  A jackal (D)
  A bat (D)
  A frilled lizard (D)
  A rat (D)
20 creatures vanquished.

Notes
Turn   | Place    | Note
-------+----------+-------------------------------------------
     0 | D        | Brynnhild the Draconian Monk began the quest for the Orb.
     0 | D        | Reached XP level 1. HP: 19/19 MP: 1/1
    16 | D        | Reached skill level 4 in Unarmed Combat
   122 | D        | Noticed a sky beast
   122 | D        | Noticed a scorpion
   122 | D        | Noticed a worker ant
   122 | D        | Noticed a worker ant
   122 | D        | Noticed a worker ant
   126 | D        | Killed a worker ant
   126 | D        | Reached skill level 5 in Unarmed Combat
   126 | D        | Reached XP level 2. HP: 28/28 MP: 2/2
   126 | D        | Reached XP level 3. HP: 34/34 MP: 3/3
   130 | D        | Reached skill level 6 in Unarmed Combat
   133 | D        | Reached skill level 5 in Fighting
   133 | D        | Reached XP level 4. HP: 42/42 MP: 4/4
   136 | D        | Reached skill level 5 in Dodging
   136 | D        | Reached skill level 7 in Unarmed Combat
   144 | D        | Killed a sky beast
   144 | D        | Reached skill level 9 in Unarmed Combat
   144 | D        | Reached XP level 5. HP: 51/51 MP: 5/5
   149 | D        | Found a roughly hewn altar of Beogh.
   149 | D        | Found a snail-covered altar of Cheibriados.
   149 | D        | Found a shadowy altar of Dithmenos.
   149 | D        | Found a white marble altar of Elyvilon.
   149 | D        | Found a blossoming altar of Fedhas.
   149 | D        | Found an opulent altar of Gozag.
   150 | D        | Found a hazy altar of Hepliaklqana.
   151 | D        | Found a viscous altar of Jiyva.
   152 | D        | Found an ancient bone altar of Kikubaaqudgha.
   153 | D        | Became a worshipper of Cheibriados the Contemplative
   153 | D        | Reached * piety under Cheibriados
   153 | D        | Reached ** piety under Cheibriados
   154 | D        | Found a corrupted altar of Lugonu.
   155 | D        | Found a burning altar of Makhleb.
   156 | D        | Found a sparkling altar of Nemelex Xobeh.
   157 | D        | Found an iron altar of Okawaru.
   158 | D        | Found a stormy altar of Qazlal.
   159 | D        | Found a sacrificial altar of Ru.
   160 | D        | Found a deep blue altar of Sif Muna.
   161 | D        | Found a bloodstained altar of Trog.
   162 | D        | Found a hide-covered altar of Uskayaw.
   163 | D        | Found a radiant altar of Vehumet.
   164 | D        | Found an ornate altar of the Wu Jian Council.
   165 | D        | Found a shimmering altar of Xom.
   166 | D        | Found a basalt altar of Yredelemnul.
   167 | D        | Found a glowing silver altar of Zin.
   168 | D        | Found a glowing golden altar of the Shining One.
   206 | D        | Noticed a centaur
   208 | D        | Reached skill level 1 in Invocations
   225 | D        | Reached XP level 6. HP: 53/60 MP: 6/8
   235 | D        | Reached *** piety under Cheibriados
   235 | D        | Reached skill level 10 in Unarmed Combat
   337 | D        | Noticed a centaur warrior
   337 | D        | Noticed a hippogriff
   337 | D        | Noticed a manticore
   337 | D        | Noticed a meliai
   339 | D        | Killed a meliai
   339 | D        | Reached **** piety under Cheibriados
   339 | D        | Reached skill level 11 in Unarmed Combat
   339 | D        | Reached skill level 5 in Invocations
   339 | D        | Your scales start taking on a golden yellow colour.
   339 | D        | Reached XP level 7. HP: 67/67 MP: 10/10
   351 | D        | Killed a centaur warrior
   351 | D        | Reached skill level 12 in Unarmed Combat
   351 | D        | Reached XP level 8. HP: 20/75 MP: 5/13
   351 | D        | Mangled by a manticore

Vault maps used:
D:        linesprint

Skill      XL: |  1  2  3  4  5  6  7 |
---------------+----------------------+-----
Dodging        | 3 4 5 6 7 8 |  8.9
Unarmed Combat | 5 6 9 11 12 | 12.7
Fighting       | 4 5 6 7 8 |  8.7
Stealth        | 2 3 4 |  4.7
Invocations    | 2 5 7 |  7.2

Action                   |  1- 3 |  4- 6 |  7- 9 || total
-------------------------+-------+-------+-------++-------
Melee: Unarmed           |    22 |    39 |     7 ||    68
       Tailslap          |     2 |     7 |     3 ||    12
       Punch             |     1 |     3 |     1 ||     5
Invok: Slouch            |       |       |     2 ||     2
 Abil: Breathe Acid      |       |       |     1 ||     1
  Use: Potion            |     1 |       |       ||     1
 Stab: Sleeping          |     1 |     1 |       ||     2
Armor: Skin              |     3 |    11 |     1 ||    15
Dodge: Dodged            |    15 |    17 |     8 ||    40

Table legend:
 A = Spawn XP
 B = Non-spawn XP
 C = Spawn XP percentage of total XP
 D = Spawn monster count
 E = Non-spawn monster count
 F = Spawn count percentage of total count
 G = Total turns spent on level
                    A         B        C        D         E        F      G
               +---------+---------+-------+---------+---------+-------+---------
         Total |       0 |    2093 |   0.0 |       0 |      20 |   0.0 |   351
               +---------+---------+-------+---------+---------+-------+---------
             D |       0 |    2093 |   0.0 |       0 |      20 |   0.0 |   351
               +---------+---------+-------+---------+---------+-------+---------
